 Dungeon Crawl Stone Soup version 0.29.1-13-g9f3cf754e1 (webtiles) character file.

Game seed: 3726464769342899446

58 cheesebisquit the Shooter (level 3, 0/30 HPs)
             Began as a Minotaur Hunter on Jan 31, 2023.
             Slain by a gnoll
             ... wielding a +0 flail
              (10 damage)
             ... on level 2 of the Dungeon.
             The game lasted 00:02:54 (1521 turns).

cheesebisquit the Shooter (Minotaur Hunter)         Turns: 1521, Time: 00:02:55

Health: 0/30       AC:  3    Str: 15    XL:     3   Next: 76%
Magic:  2/2        EV: 12    Int:  6    God:
Gold:   169        SH:  0    Dex: 15    Spells: 2/2 levels left

rFire   . . .      SeeInvis .   a - +0 shortbow
rCold   . . .      Faith    .   (shield currently unavailable)
rNeg    . . .      Spirit   .   c - +0 leather armour
rPois   .          Reflect  .   (helmet restricted)
rElec   .          Harm     .   (no cloak)
rCorr   +          Rampage  .   (no gloves)
Will    .....                   (no boots)
Stlth   +.........              (no amulet)
HPRegen 0.10/turn               h - ring of resist corrosion
MPRegen 0.08/turn               (no ring)

@: no status effects
A: horns 2, retaliatory headbutt
a: no special abilities


You were on level 2 of the Dungeon.
You visited 1 branch of the dungeon, and saw 2 of its levels.

You collected 169 gold pieces.

Inventory:

Hand Weapons
 a - a +0 shortbow (weapon)
Armour
 c - a +0 leather armour (worn)
 n - a +0 buckler
Jewellery
 h - a ring of resist corrosion (left hand)
Scrolls
 b - a scroll of immolation
 d - a scroll of amnesia {unknown}
 e - a scroll of enchant weapon {unknown}
 f - 3 scrolls of identify {unknown}
 g - a scroll of acquirement {unknown}
 i - a scroll of brand weapon {unknown}
 j - 3 scrolls of butterflies {unknown}
 k - a scroll of noise {unknown}
 l - 2 scrolls of teleportation {unknown}
 m - a scroll of silence {unknown}


   Skills:
 - Level 2.4 Fighting
 + Level 6.0 Ranged Weapons
 - Level 2.1 Dodging
 - Level 0.7 Stealth


You had 2 spell levels left.
You didn't know any spells.
Your spell library contained the following spells:

 Spells                   Type           Power      Damage    Failure   Level
 Necrotise                Necr           0%         1d4       52%         1
 Gell's Gravitas          Tloc           0%         N/A       88%         3
 Lesser Beckoning         Tloc           0%         N/A       88%         3
 Teleport Other           Tloc           0%         N/A       88%         3
 Vampiric Draining        Necr           0%         2d6       88%         3
 Agony                    Necr           0%         N/A       100%        5


Dungeon Overview and Level Annotations

Branches:
Dungeon (2/15)

Altars:

Shops:
D:1 (


Innate Abilities, Weirdness & Mutations

You have a pair of horns on your head.
You reflexively headbutt those who attack you in melee.


Message History

A gnoll comes into view. It is wielding a +0 flail.
You shoot an arrow.
The arrow hits the gnoll but does no damage.
You shoot an arrow. The arrow hits the gnoll.
The gnoll is moderately wounded.
A gnoll comes into view. It is wielding a +0 halberd.
You shoot an arrow. The arrow hits the gnoll.
The gnoll is heavily wounded.
You shoot an arrow. The arrow barely misses the gnoll.
The arrow hits the gnoll.
The gnoll is moderately wounded.
You shoot an arrow. The arrow hits the gnoll.
You kill the gnoll!
A gnoll comes into view. It is wielding a +0 flail.
Your Ranged Weapons skill increases to level 6!
You shoot an arrow. The arrow completely misses the gnoll.
The gnoll shouts!
You shoot an arrow.
The arrow hits the gnoll but does no damage.
You shoot an arrow. The arrow barely misses the gnoll. x2
The gnoll hits you from afar with a +0 halberd!
You are too injured to fight recklessly!
You are too injured to fight recklessly!
You are too injured to fight recklessly!
You are too injured to fight recklessly!
You are too injured to fight recklessly!
Okay, then.
You aren't carrying any potions.
The gnoll misses you. The gnoll hits you with a +0 flail!
* * * LOW HITPOINT WARNING * * *
The gnoll attacks as you move away! The gnoll barely misses you.
You see here a +0 mace.
Fire: a) +0 shortbow
Press: ? - help, Q - select action Shift-Dir - straight line, f/p - gnoll
Aim: a gnoll, wielding a +0 halberd and wearing a +0 plate armour (77% to hit)
You shoot an arrow. The arrow hits the gnoll.
The gnoll is heavily wounded.
The gnoll hits you with a +0 flail!
You die...

..........# ##.....####..#
..........# #.....##...#
..........# #........)#
......)...# ##...#....###
#####.##.### #.#........#
#####.#....####..........#
....)....>......gg.......#
......#.#.......g###.>...#
......†.#.....##@###.....#
.......####..###..########
...##.####...# ##..#
..###.##...#.## ##.# ..#
#.#..###..# ##.#
..###...#####.###..#
.).............##.##
#.##.........#.##.#
#..#.........#.##.#


You could see 3 gnolls.

Vanquished Creatures
  A gnoll (D:2)
  2 adders (D:2)
  A dart slug (D:1)
  7 ball pythons
  A bat (D:2)
  An endoplasm (D:2)
  2 giant cockroaches (D:1)
  3 goblins
  3 hobgoblins
  A kobold (D:2)
  A quokka (D:1)
  3 frilled lizards
  3 rats
29 creatures vanquished.

Notes
Turn   | Place    | Note
-------+----------+-------------------------------------------
     0 | D:1      | cheesebisquit the Minotaur Hunter began the quest for the
                  | Orb.
     0 | D:1      | Reached XP level 1. HP: 18/18 MP: 0/0
    73 | D:1      | Found a faded altar of an unknown god.
   190 | D:1      | Reached XP level 2. HP: 23/25 MP: 1/1
   216 | D:1      | Found Sefat's Weapon Boutique.
   244 | D:1      | Reached skill level 5 in Ranged Weapons
  1138 | D:2      | Reached XP level 3. HP: 24/30 MP: 2/2
  1512 | D:2      | Reached skill level 6 in Ranged Weapons
  1521 | D:2      | Slain by a gnoll

Illustrated notes

Levels and vault maps discovered:
D:1:      sevenhm_arrival_forest_fort_large_2, layout_basic,
          ebering_ecumenical_altar_hall, serial_shops,
          nicolae_shop_bloodbath_and_beyond, dreamdust_princess_corridor,
          minmay_pentomino_z4
D:2:      layout_rooms

Skill      XL: |  1  2  3 |
---------------+----------+-----
Ranged Weapons | 5 6 |  6.0
Fighting       | |  2.4
Dodging        | |  2.1
Stealth        | |  0.7

Action                   || total
-------------------------++-------
 Fire: Shortbow          ||    86
Armor: Leather armour    ||     4
Dodge: Dodged            ||    14
